 Dungeon Crawl Stone Soup version 0.22-a0-580-gd5db89c (webtiles) character file.

847 sking99 the Skirmisher (level 8, -2/87 HPs)
             Began as an Ogre Fighter on July 3, 2018.
             Killed from afar by an orc wizard (10 damage)
             ... with a puff of flame
             ... on level 5 of the Dungeon.
             The game lasted 00:08:42 (4621 turns).

sking99 the Skirmisher (Ogre Fighter)               Turns: 4621, Time: 00:08:43

Health: -2/87      AC:  3    Str: 21    XL:     8   Next: 1%
Magic:  8/8        EV: 10    Int: 10    God:
Gold:   78         SH:  0    Dex:  9    Spells: 6/7 levels left

rFire    . . .     SeeInvis .   a - +0 flail
rCold    . . .     Gourm    +   (no shield)
rNeg     . . .     Faith    .   b - +0 robe
rPois    .         Spirit   .   (helmet restricted)
rElec    .         Reflect  .   (no cloak)
rCorr    +         Harm     .   (gloves unavailable)
MR       .....                  (boots unavailable)
Stlth    +.........             k - amulet of the gourmand
HPRegen  0.24/turn              l - ring of resist corrosion
MPRegen  0.11/turn              (no ring)

@: no status effects
A: large, unfitting armour, tough skin 1
a: no special abilities


You were on level 5 of the Dungeon.
You were not hungry.

You visited 1 branch of the dungeon, and saw 4 of its levels.

You collected 138 gold pieces.
You spent 60 gold pieces at shops.

Inventory:

Hand Weapons
 a - a +0 flail (weapon)
Missiles
 s - 34 stones (quivered)
Armour
 b - a +0 robe (worn)
 c - a +0 shield
Jewellery
 k - an amulet of the gourmand (around neck)
 l - a ring of resist corrosion (left hand)
Scrolls
 e - a scroll of identify
 h - 2 scrolls of amnesia
 p - 3 scrolls of remove curse
 q - 2 scrolls of immolation
 r - a scroll of enchant armour
Potions
 g - a potion of heal wounds
 j - a potion of degeneration {unknown}
 m - a potion of curing {unknown}
 n - a potion of agility
 t - a potion of invisibility
Comestibles
 f - 12 rations


   Skills:
 + Level 7.5 Fighting
 * Level 6.5 Maces & Flails
 - Level 2.6 Dodging
 - Level 2.6 Shields
 + Level 1.5 Necromancy


You had 6 spell levels left.
You knew the following spells:

 Your Spells              Type           Power        Failure   Level  Hunger
a - Animate Skeleton      Necr           N/A          21%         1    ##.....

Your spell library contained the following spells:

 Spells                   Type           Power        Failure   Level  Hunger
 Apportation              Tloc           #.....       36%         1    ##.....
 Summon Small Mammal      Summ           #...         36%         1    ##.....
 Confusing Touch          Hex            #.....       36%         1    ##.....


Dungeon Overview and Level Annotations

Branches:
Dungeon (5/15)
 Temple: D:4-7

Altars:
Fedhas
Okawaru
Sif Muna
Trog
Uskayaw
Xom
Yredelemnul
Zin

Shops:
D:4 ?

Annotations:
D:4 2 transporters


Innate Abilities, Weirdness & Mutations

You are too large for most types of armour.
You have tough skin. (AC +1)


Message History

You kill the orc priest!
You have reached level 8!
Something hits you!
* * * LOW HITPOINT WARNING * * *
Something hits the bush.
You closely miss something.
You hear some strange, mumbled words.
A puff of flame appears from out of thin air!
The puff of flame hits you!
* * * LOW HITPOINT WARNING * * *
Something hits the bush but does no damage.
You miss something. Something hits you but does no damage.
You barely miss something. Something hits you but does no damage.
You closely miss something. Something hits you but does no damage.
You barely miss something. Something hits you but does no damage.
You closely miss something.
An orc wizard appears from thin air!
Reactivating autopickup.
The orc wizard points at you and mumbles some strange words.
The puff of flame hits you!
You die...

*,,,,,,,,,,,,,,,* #........#
*,,,,,,,,,P.PPP.########.......##
*,,,,,,,,,P...P.......##.........
*,,,,,,,,PP.P.P.............#....
*,,,,,,,,,..P.P...........##.....
*,,,,,,,,,,PP.P................##
*,,,,,,,,,,,P...........##...#.##
*,,,,,,,,,,,P.P)).......##.......
*,,,,,,,,,,,P.Po@.....#.###.....#
*,,,,,,,,,,PPPP.........#.>....<#
*,,,,,******#...................#
******* #(...........###....#
#...................#
#(...........###....#
#######......# #.....
##.#.(..###....# #..#....#.......


You could see an orc wizard.

Vanquished Creatures
  Grinder (D:5)
  An ice beast (D:5)
  A howler monkey (D:4)
  A centaur zombie (D:5)
  2 crimson imps
  3 hounds
  A jelly (D:4)
  2 orc priests (D:5)
  An orc wizard (D:5)
  2 worker ants
  A hound zombie (D:5)
  A hound skeleton (D:4)
  A howler monkey zombie (D:5)
  5 adders
  A shadow imp (D:4)
  An ooze (D:1)
  2 worms (D:2)
  2 dart slugs
  5 leopard geckos
  2 orcs
  2 ball pythons
  9 bats
  3 giant cockroaches
  5 goblins
  7 hobgoblins
  4 jackals (D:2)
  4 frilled lizards
  A giant cockroach zombie (D:5)
  A jackal zombie (D:5)
  3 kobolds
  5 rats
80 creatures vanquished.

Notes
Turn   | Place    | Note
-------+----------+-------------------------------------------
     0 | D:1      | sking99 the Ogre Fighter began the quest for the Orb.
     0 | D:1      | Reached XP level 1. HP: 24/24 MP: 1/1
   316 | D:1      | Reached XP level 2. HP: 24/32 MP: 2/2
   956 | D:1      | Reached XP level 3. HP: 27/40 MP: 3/3
  1793 | D:2      | Found an iron altar of Okawaru.
  1795 | D:2      | Found a shimmering altar of Xom.
  1795 | D:2      | Found a hide-covered altar of Uskayaw.
  1797 | D:2      | Found a shimmering altar of Xom.
  1797 | D:2      | Found an iron altar of Okawaru.
  1797 | D:2      | Found a shimmering altar of Xom.
  1882 | D:2      | Reached XP level 4. HP: 38/49 MP: 4/4
  1993 | D:2      | Found a basalt altar of Yredelemnul.
  2034 | D:2      | Reached skill level 5 in Fighting
  2271 | D:2      | HP: 2/50 [poisoned by a worker ant]
  2279 | D:2      | HP: 2/50 [poisoned by a worker ant]
  2598 | D:2      | Found a deep blue altar of Sif Muna.
  2627 | D:2      | Reached XP level 5. HP: 53/57 MP: 5/5
  2681 | D:2      | Found a glowing silver altar of Zin.
  2684 | D:2      | Found a hide-covered altar of Uskayaw.
  2687 | D:2      | Found a blossoming altar of Fedhas.
  2775 | D:2      | You fall through a shaft for 2 floors!
  2775 | D:4      | Noticed a big kobold
  2779 | D:4      | Found a bloodstained altar of Trog.
  2779 | D:4      | Found a transporter.
  2795 | D:4      | Found a transporter.
  3394 | D:4      | Found Pikusiav's Magic Scroll Boutique.
  3400 | D:4      | Bought a scroll of remove curse for 36 gold pieces
  3400 | D:4      | Bought a scroll of identify for 24 gold pieces
  3552 | D:5      | Entered Level 5 of the Dungeon
  3568 | D:4      | Reached XP level 6. HP: 39/67 MP: 6/6
  3655 | D:4      | Reached skill level 6 in Fighting
  3907 | D:5      | Reached skill level 5 in Maces & Flails
  4202 | D:5      | Found a glowing silver altar of Zin.
  4205 | D:5      | Noticed an ice beast
  4208 | D:5      | Reached XP level 7. HP: 68/76 MP: 7/7
  4421 | D:5      | Learned a level 1 spell: Animate Skeleton
  4479 | D:5      | Noticed Grinder
  4501 | D:5      | Killed Grinder
  4501 | D:5      | Reached skill level 7 in Fighting
  4501 | D:5      | Reached skill level 1 in Necromancy
  4615 | D:5      | Reached XP level 8. HP: 23/87 MP: 8/8
  4621 | D:5      | Killed from afar by an orc wizard

Vault maps used:
D:1:      moated_graveyard_arrival
D:2:      old_standard_altar, nicolae_overflow_hidden_temple,
          doesnt_xom_only_xom, grunt_temple_overflow_diamond
D:4:      gammafunk_temple_overflow_arena, serial_shops, shop
D:5:      first_ration, minmay_hedge_maze, kennysheep_small_circle, uniq_grinder

Skill      XL: |  1  2  3  4  5  6  7 |
---------------+----------------------+-----
Maces & Flails | 2 3 4 5 6 |  6.5
Fighting       | 5 6 7 |  7.5
Necromancy     | 1 |  1.5
Dodging        | |  2.6
Shields        | |  2.6

Action                   |  1- 3 |  4- 6 |  7- 9 || total
-------------------------+-------+-------+-------++-------
Melee: Flail             |   173 |   165 |    59 ||   397
 Cast: Animate Skeleton  |       |       |     2 ||     2
  Use: Scroll            |       |    10 |       ||    10
       Potion            |       |       |     3 ||     3
  Eat: Chunk             |     3 |     7 |     2 ||    12
       Ration            |       |       |     1 ||     1
Armor: Robe              |    54 |    47 |    10 ||   111
Dodge: Dodged            |    66 |    73 |    27 ||   166
Block: Shield            |    83 |    87 |     8 ||   178

Table legend:
 A = Spawn XP
 B = Non-spawn XP
 C = Spawn XP percentage of total XP
 D = Spawn monster count
 E = Non-spawn monster count
 F = Spawn count percentage of total count
 G = Total turns spent on level
                    A         B        C        D         E        F      G
               +---------+---------+-------+---------+---------+-------+---------
         Total |       0 |    1211 |   0.0 |       0 |      80 |   0.0 |  4621
               +---------+---------+-------+---------+---------+-------+---------
           D:1 |       0 |      48 |   0.0 |       0 |      25 |   0.0 |  1312
           D:2 |       0 |     122 |   0.0 |       0 |      28 |   0.0 |  1463
           D:4 |       0 |     309 |   0.0 |       0 |      11 |   0.0 |  1292
           D:5 |       0 |     732 |   0.0 |       0 |      16 |   0.0 |   554
               +---------+---------+-------+---------+---------+-------+---------
